 Dungeon Crawl Stone Soup version 0.20.1-1-g8b1a95d (webtiles) character file.

5859 equalderp2856 the Cleaver (level 10, -2/86 HPs)
             Began as a Minotaur Fighter on Aug 22, 2017.
             Slain by a yak (3 damage)
             ... on level 2 of the Lair of Beasts.
             The game lasted 00:21:01 (8793 turns).

equalderp2856 the Cleaver (Minotaur Fighter)        Turns: 8793, Time: 00:21:02

Health: -2/86      AC: 12    Str: 20    XL:     10   Next: 52%
Magic:  0/11       EV:  2    Int:  6    God:
Gold:   501        SH:  0    Dex: 13    Spells: 10/12 levels left

rFire    . . .     SeeInvis .   a - +1 war axe
rCold    . . .     Gourm    .   c - +0 shield
rNeg     + + +     Faith    .   k - +0 ring mail (curse)
rPois    ∞         Spirit   +   (helmet restricted)
rElec    .         Reflect  .   W - +1 cloak
rCorr    .         Harm     .   s - +2 pair of gloves
MR       .....                  (no boots)
Stlth    +.........             S - amulet of guardian spirit
Regen    0.3/turn               L - +3 ring of evasion
MPRegen  0.2/turn               b - +3 ring of evasion

@: petrified
A: retaliatory headbutt, horns 2
a: no special abilities


You were on level 2 of the Lair of Beasts.
You were not hungry.

You visited 2 branches of the dungeon, and saw 11 of its levels.

You collected 501 gold pieces.

Inventory:

Hand Weapons
 a - a +1 war axe (weapon)
 w - a +1 spear of freezing
 y - a +0 trident
 P - a +3 battleaxe of freezing
Missiles
 l - 70 bolts
 x - 17 javelins
 z - 3 tomahawks (quivered)
 I - 23 poisoned needles
 K - a throwing net
Armour
 c - a +0 shield (worn)
 h - a +0 chain mail
 k - a cursed +0 ring mail (worn)
 s - a +2 pair of gloves (worn)
 F - the +5 scale mail of Vasos {+Inv Str+5, unknown}
   (You found it on level 8 of the Dungeon)

   It affects your strength (+5).
   It lets you turn invisible.
 W - a +1 cloak (worn)
Jewellery
 b - a +3 ring of evasion (right hand)
 e - an uncursed ring of see invisible
 m - an uncursed ring of ice
 u - a +3 ring of dexterity
 L - a +3 ring of evasion (left hand)
 M - an uncursed ring of poison resistance
 Q - a +2 ring of strength {unknown}
 S - an amulet of guardian spirit (around neck)
 U - a cursed ring of loudness {unknown}
 X - an uncursed amulet of regeneration
Wands
 H - a wand of lightning (10/15)
 V - a wand of disintegration (24/24)
Scrolls
 i - 3 scrolls of blinking
 t - 6 scrolls of teleportation
 B - 2 scrolls of identify
 C - a scroll of enchant armour
 D - a scroll of amnesia
 E - 2 scrolls of enchant weapon
 O - a scroll of magic mapping
 R - a scroll of immolation
 Y - a scroll of fog
Potions
 d - 2 potions of might
 j - 2 potions of agility {unknown}
 n - a potion of brilliance {unknown}
 o - 7 potions of curing
 p - a potion of resistance {unknown}
 q - 2 potions of lignification
 r - 2 potions of flight {unknown}
 A - 2 potions of magic {unknown}
 G - 2 potions of haste {unknown}
 J - 2 potions of heal wounds {unknown}
Books
 N - a book of Air

   Spells                             Type                      Level
   a - Shock                          Conjuration/Air              1
   b - Swiftness                      Charms/Air                   2
   c - Static Discharge               Conjuration/Air              3
   d - Airstrike                      Air                          4
   e - Lightning Bolt                 Conjuration/Air              5
Comestibles
 f - 11 bread rations
 g - 7 meat rations
 v - 7 royal jellies
 T - 2 fruits
 Z - 8 chunks of flesh


   Skills:
 + Level 7.2 Fighting
 + Level 11.9 Axes
 + Level 7.9 Armour
 + Level 5.9 Dodging
 + Level 2.2 Stealth
 + Level 8.8 Shields
 * Level 1.5 Spellcasting


You had 10 spell levels left.
You knew the following spells:

 Your Spells              Type           Power        Failure   Level  Hunger
a - Swiftness             Chrm/Air       #.......     92%         2    ###....


Dungeon Overview and Level Annotations

Branches:
Dungeon (9/15)             Temple (0/1) D:7            Lair (2/6) D:9
  Swamp: Lair:2-4    Shoals: Lair:2-4     Snake: Lair:2-4    Spider: Lair:2-4
    Orc: D:9-12

Altars:
Elyvilon
Gozag
Hepliaklqana
Qazlal
Xom

Annotations:
D:8 Erica


Innate Abilities, Weirdness & Mutations

You reflexively headbutt those who attack you in melee.
You have a pair of horns on your head.


Message History

The yak gores you!
* * * LOW HITPOINT WARNING * * *
The yak barely misses you.
The crocodile bites you but does no damage.
The yak gores you!
* * * LOW HITPOINT WARNING * * *
The yak gores you!
* * * LOW HITPOINT WARNING * * *
The yak gores you.
* * * LOW HITPOINT WARNING * * *
The crocodile bites you!
* * * LOW HITPOINT WARNING * * *
The yak gores you!
* * * LOW HITPOINT WARNING * * *
The yak gores you but does no damage. The yak gores you!
* * * LOW HITPOINT WARNING * * *
The crocodile bites you!
* * * LOW HITPOINT WARNING * * *
The yak gores you. x2
You die...

.. ..# ..P.
..P.. .....#
.(....###
.......t####...
......Y@YY.....
......F.YY..#..
........Y......
#####.!h<......
#..........
#..........
#.......#..
#..........


You could see a polar bear, 6 yaks, a spiny frog and a crocodile.

Vanquished Creatures
  A two-headed ogre (D:8)
  The ghost of Megalobster the Destroyer, a novice DECj of Vehumet (D:8)
  Joseph (D:9)
  2 komodo dragons (D:9)
  A basilisk (D:9)
  4 hogs (D:7)
  A hungry ghost (D:7)
  A human (D:7)
  A porcupine (Lair:1)
  A swamp drake (D:9)
  A phantom (D:7)
  2 ice beasts
  3 ogres
  3 centaurs
  2 crocodiles (D:9)
  A big kobold (D:7)
  3 bullfrogs
  7 scorpions
  The ghost of tidbits the Skirmisher, a weakling DgWn (D:3)
  3 wights (D:7)
  6 crimson imps
  A bullfrog zombie (D:5)
  6 hounds
  3 orc priests
  2 jellies
  A bullfrog skeleton (D:4)
  Jessica (D:2)
  Terence (D:2)
  An iguana (D:5)
  Natasha (D:2)
  5 orc wizards
  4 worker ants
  A hound zombie (D:9)
  A hound skeleton (D:6)
  A worker ant zombie (D:8)
  A howler monkey skeleton (D:5)
  8 gnolls
  4 adders
  3 shadow imps
  2 oozes (D:1)
  2 adder skeletons
  An adder zombie (D:6)
  4 worms
  4 dart slugs
  4 leopard geckos
  23 orcs
  3 bats (D:2)
  4 giant cockroaches
  9 goblins
  6 hobgoblins
  9 jackals
  2 quokkas
  A frilled lizard (D:2)
  A giant cockroach zombie (D:6)
  A jackal zombie (D:7)
  11 kobolds
  A leopard gecko skeleton (D:5)
  A leopard gecko zombie (D:7)
  4 rats
184 creatures vanquished.

Vanquished Creatures (others)
  A crocodile (D:9)
  A quokka (D:7)
2 creatures vanquished.

Grand Total: 186 creatures vanquished

Notes
Turn   | Place    | Note
-------+----------+-------------------------------------------
     0 | D:1      | equalderp2856 the Minotaur Fighter began the quest for the Orb.
     0 | D:1      | Reached XP level 1. HP: 19/19 MP: 0/0
   200 | D:1      | Reached XP level 2. HP: 12/27 MP: 1/1
   359 | D:1      | Reached XP level 3. HP: 25/33 MP: 2/2
   548 | D:1      | Reached skill level 1 in Dodging
   840 | D:1      | Reached skill level 3 in Axes
  1121 | D:2      | Noticed Jessica
  1132 | D:2      | Killed Jessica
  1132 | D:2      | Reached XP level 4. HP: 40/40 MP: 3/3
  1326 | D:2      | You fall through a shaft!
  1350 | D:3      | Reached skill level 4 in Axes
  1528 | D:3      | Noticed tidbits's ghost (weakling DgWn)
  1535 | D:3      | Killed tidbits's ghost
  1535 | D:3      | Reached XP level 5. HP: 43/46 MP: 4/4
  1603 | D:3      | Found a faded altar of an unknown god.
  1868 | D:3      | Reached skill level 5 in Axes
  2429 | D:2      | Noticed Terence
  2429 | D:2      | Noticed Natasha
  2441 | D:2      | Killed Natasha
  2448 | D:2      | Killed Terence
  2448 | D:2      | Reached XP level 6. HP: 30/53 MP: 5/5
  3061 | D:4      | Reached skill level 5 in Armour
  3185 | D:4      | Reached skill level 6 in Axes
  3293 | D:4      | Reached XP level 7. HP: 59/60 MP: 6/6
  3479 | D:4      | Reached skill level 5 in Fighting
  3667 | D:5      | Entered Level 5 of the Dungeon
  3742 | D:5      | Reached skill level 7 in Axes
  3742 | D:5      | Reached skill level 5 in Shields
  3832 | D:5      | Found an opulent altar of Gozag.
  4002 | D:5      | Reached XP level 8. HP: 67/69 MP: 7/7
  4271 | D:6      | Reached skill level 8 in Axes
  4360 | D:6      | Found a hazy altar of Hepliaklqana.
  4363 | D:6      | Found a shimmering altar of Xom.
  4363 | D:6      | Found a stormy altar of Qazlal.
  4581 | D:6      | Reached skill level 1 in Stealth
  5114 | D:7      | Found a white marble altar of Elyvilon.
  5269 | D:7      | Reached skill level 9 in Axes
  5362 | D:7      | Found a staircase to the Ecumenical Temple.
  5405 | D:7      | Reached XP level 9. HP: 58/75 MP: 8/8
  6095 | D:7      | Reached skill level 10 in Axes
  6664 | D:8      | Noticed Erica
  6668 | D:8      | Noticed Megalobster's ghost (novice DECj)
  6704 | D:8      | Reached skill level 5 in Dodging
  7174 | D:8      | Killed Megalobster's ghost
  7174 | D:8      | Reached skill level 11 in Axes
  7459 | D:8      | Noticed a two-headed ogre
  7470 | D:8      | Killed a two-headed ogre
  7470 | D:8      | Reached XP level 10. HP: 73/84 MP: 9/9
  7915 | D:8      | Got a pitted scale mail
  8065 | D:9      | Learned a level 2 spell: Swiftness
  8129 | D:9      | Noticed Joseph
  8143 | D:9      | Killed Joseph
  8321 | D:9      | Reached skill level 1 in Spellcasting
  8628 | D:9      | Found a staircase to the Lair.
  8764 | Lair:1   | Entered Level 1 of the Lair of Beasts
  8789 | Lair:2   | Noticed a spiny frog
  8793 | Lair:2   | HP: 1/86 [crocodile (4)]
  8793 | Lair:2   | Slain by a yak

Skill      XL: |  1  2  3  4  5  6  7  8  9 10 |
---------------+-------------------------------+-----
Armour         | 4 5 6 7 |  7.9
Dodging        | 1 2 4 5 |  5.9
Axes           | 3 4 5 6 7 9 11 | 11.9
Shields        | 4 5 6 8 |  8.8
Fighting       | 4 5 6 7 |  7.2
Stealth        | 1 2 |  2.2
Spellcasting   | 1 |  1.5

Action                   |  1- 3 |  4- 6 |  7- 9 | 10-12 || total
-------------------------+-------+-------+-------+-------++-------
Melee: War axe           |    60 |   110 |   301 |    89 ||   560
       Headbutt          |    11 |    17 |    61 |    33 ||   122
  Use: Scroll            |     6 |       |     4 |     5 ||    15
       Potion            |       |       |     1 |       ||     1
 Stab: Sleeping          |       |       |       |     2 ||     2
  Eat: Chunk             |       |     6 |    12 |     5 ||    23
       Royal jelly       |       |     1 |       |       ||     1
       Fruit             |       |       |     2 |       ||     2
Armor: Scale mail        |    15 |       |       |       ||    15
       Ring mail         |    13 |    43 |    81 |    28 ||   165
Dodge: Dodged            |    19 |    43 |   140 |    41 ||   243
Block: Shield            |    48 |    51 |   171 |    39 ||   309
